 Dungeon Crawl Stone Soup version 0.23-a0-141-g456867d (webtiles) character file.

986 galech the Grappler (level 7, -5/68 HPs)
             Began as a Troll Monk on Aug 31, 2018.
             Slain by an ice beast (7 damage)
             ... on level 6 of the Dungeon.
             The game lasted 00:05:40 (3837 turns).

galech the Grappler (Troll Monk)                    Turns: 3837, Time: 00:05:41

Health: -5/68      AC:  6    Str: 22    XL:     7   Next: 97%
Magic:  6/6        EV: 11    Int:  6    God:
Gold:   289        SH:  0    Dex: 12    Spells: 6/6 levels left

rFire    . . .     SeeInvis +     - Unarmed
rCold    . . .     Gourm    +   (no shield)
rNeg     . . .     Faith    .   a - +0 robe
rPois    .         Spirit   .   (helmet restricted)
rElec    .         Reflect  .   s - +0 cloak
rCorr    .         Harm     .   (gloves unavailable)
MR       +....                  (boots unavailable)
Stlth    ++........             (no amulet)
HPRegen  0.61/turn              f - ring of protection from magic
MPRegen  0.10/turn              j - ring of see invisible

@: no status effects
A: large, unfitting armour, claws 3, fast metabolism 3, gourmand, regeneration
1, shaggy fur 1, tough skin 2
a: no special abilities


You were on level 6 of the Dungeon.
You were very full.

You visited 1 branch of the dungeon, and saw 6 of its levels.

You collected 289 gold pieces.

Inventory:

Armour
 a - a +0 robe (worn)
 s - a +0 cloak (worn)
Jewellery
 f - a ring of protection from magic (left claw)
 j - a ring of see invisible (right claw)
 x - an uncursed ring of magical power
 y - an uncursed ring of magical power
Scrolls
 h - a scroll of immolation
 i - 2 scrolls of teleportation
 l - 4 scrolls of remove curse
 p - 2 scrolls of enchant weapon
 q - a scroll of magic mapping {unknown}
 r - a scroll of noise {unknown}
 v - a scroll of enchant armour {unknown}
Potions
 c - 2 potions of might {unknown}
 e - 4 potions of agility {unknown}
 g - a potion of mutation {unknown}
 k - a potion of brilliance {unknown}
 m - 2 potions of curing {unknown}
 t - a potion of lignification {unknown}
 u - a potion of heal wounds {unknown}
 w - a potion of flight {unknown}
Comestibles
 b - 11 rations
 z - 6 chunks of flesh


   Skills:
 + Level 3.7 Fighting
 + Level 3.7 Dodging
 - Level 1.0 Stealth
 * Level 8.4 Unarmed Combat


You had 6 spell levels left.
You didn't know any spells.
Your spell library contained the following spells:

 Spells                   Type           Power        Failure   Level  Hunger
 Corona                   Hex            #......      45%         1    ##.....
 Ensorcelled Hibernation  Hex/Ice        #.....       58%         2    ###....
 Confuse                  Hex            #.......     83%         3    ####...
 Dazzling Spray           Conj/Hex       #.....       83%         3    ####...
 Tukima's Dance           Hex            #.......     83%         3    ####...


Dungeon Overview and Level Annotations

Branches:
Dungeon (6/15)
 Temple: D:4-7

Altars:
Ashenzari
Elyvilon
Qazlal
The Shining One


Innate Abilities, Weirdness & Mutations

You are too large for most types of armour.
You have claws for hands.
Your metabolism is lightning-fast.
You like to eat raw meat.
Your natural rate of healing is unusually fast.
You are covered in fur. (AC +1)
You have very tough skin. (AC +2)


Message History

The orc wizard hits you but does no damage.
An orc warrior comes into view. It is wielding a trident.
Found a tomahawk and a blowgun.
Found a stone staircase leading down.
An orc comes into view. It is wielding a club.
The orc warrior hits you but does no damage.
The orc wizard closely misses you.
The ogre hits you with a giant spiked club!
The orc warrior hits you from afar with a trident!
An ice beast comes into view.
The ogre hits you with a giant spiked club!
* * * LOW HITPOINT WARNING * * *
The orc wizard mumbles some strange words.
The orc wizard blinks!
The ice beast hits you.
* * * LOW HITPOINT WARNING * * *
The ice beast freezes you!
* * * LOW HITPOINT WARNING * * *
The ice beast hits you.
* * * LOW HITPOINT WARNING * * *
The ice beast freezes you!
You die...

#......#
+.(..>.#
###....#
#....#
#ยง...#
#)..o#
#oo..#
#O...#
#@Y..#
#....#
#....#
.....#
.....##
######


You could see an orc warrior, an ice beast, an ogre and 2 orcs.

Vanquished Creatures
  An orc warrior (D:5)
  A sky beast (D:5)
  An ogre (D:5)
  2 centaurs
  A crimson imp (D:5)
  A centaur zombie (D:5)
  A hound (D:5)
  An orc wizard (D:4)
  An iguana (D:5)
  4 orc priests
  3 worker ants
  A hound skeleton (D:5)
  3 gnolls (D:5)
  A howler monkey skeleton (D:4)
  4 adders
  A shadow imp (D:5)
  2 oozes
  4 worms
  2 dart slugs
  4 leopard geckos
  16 orcs
  4 giant cockroaches
  8 goblins
  6 hobgoblins
  5 jackals
  7 kobolds
  2 quokkas (D:3)
  3 ball pythons
  4 bats
  4 frilled lizards
  7 rats
105 creatures vanquished.

Notes
Turn   | Place    | Note
-------+----------+-------------------------------------------
     0 | D:1      | galech the Troll Monk began the quest for the Orb.
     0 | D:1      | Reached XP level 1. HP: 22/22 MP: 0/0
    64 | D:1      | Reached XP level 2. HP: 4/29 MP: 1/1
   354 | D:1      | Reached skill level 4 in Unarmed Combat
   876 | D:2      | Reached XP level 3. HP: 23/36 MP: 2/2
   919 | D:2      | Found a shattered altar of Ashenzari.
  1051 | D:2      | Found a stormy altar of Qazlal.
  1662 | D:3      | Reached XP level 4. HP: 36/44 MP: 3/3
  1743 | D:3      | Reached skill level 5 in Unarmed Combat
  1759 | D:3      | Found a white marble altar of Elyvilon.
  1784 | D:3      | HP: 1/44 [orc priest/divine providence (11)]
  1940 | D:3      | Reached XP level 5. HP: 50/50 MP: 4/4
  2329 | D:4      | Found a glowing golden altar of the Shining One.
  2431 | D:4      | Reached skill level 6 in Unarmed Combat
  2877 | D:4      | Reached XP level 6. HP: 27/59 MP: 5/5
  3093 | D:5      | Entered Level 5 of the Dungeon
  3105 | D:5      | Noticed a sky beast
  3120 | D:5      | Killed a sky beast
  3120 | D:5      | Reached skill level 7 in Unarmed Combat
  3263 | D:5      | Reached XP level 7. HP: 67/67 MP: 6/6
  3458 | D:5      | Reached skill level 8 in Unarmed Combat
  3836 | D:6      | HP: 3/68 [ice beast (13)]
  3837 | D:6      | Slain by an ice beast

Vault maps used:
D:1:      dpeg_arrival_ternary
D:2:      nicolae_overflow_crystal_walls, minmay_tree_intersection,
          evilmike_ruin_ashenzari
D:3:      lemuel_doored_altar, first_ration
D:4:      marbit_many_paths
D:6:      gammafunk_cloud_chamber, minmay_temple_entry_purple_smoke,
          nicolae_ossuary_entry_catacombs, basic_altar, fedhas_altar_3

Skill      XL: |  1  2  3  4  5  6  7 |
---------------+----------------------+-----
Unarmed Combat | 4 5 6 7 8 |  8.4
Dodging        | 3 |  3.7
Fighting       | 3 |  3.7
Stealth        | |  1.0

Action                   |  1- 3 |  4- 6 |  7- 9 || total
-------------------------+-------+-------+-------++-------
Melee: Unarmed           |   152 |    96 |    59 ||   307
       Punch             |     4 |     3 |     2 ||     9
  Use: Scroll            |       |       |     6 ||     6
 Stab: Distracted        |     1 |       |       ||     1
       Sleeping          |     3 |     1 |     1 ||     5
  Eat: Chunk             |    21 |    14 |     5 ||    40
Armor: Robe              |    68 |    22 |    15 ||   105
Dodge: Dodged            |    86 |    42 |    45 ||   173

Table legend:
 A = Non-vault XP
 B = Vault XP
 C = Vault XP percentage of total XP
 D = Non-vault monster count
 E = Vault monster count
 F = Vault count percentage of total count
                 A         B        C        D         E       F
            +---------+---------+-------+---------+---------+-------
      Total |    1408 |       1 |   0.1 |     104 |       1 |   1.0
            +---------+---------+-------+---------+---------+-------
        D:1 |      35 |       0 |   0.0 |      20 |       0 |   0.0
        D:2 |      37 |       0 |   0.0 |      16 |       0 |   0.0
        D:3 |     132 |       0 |   0.0 |      25 |       0 |   0.0
        D:4 |     175 |       1 |   0.6 |      13 |       1 |   7.1
        D:5 |     919 |       0 |   0.0 |      29 |       0 |   0.0
        D:6 |     110 |       0 |   0.0 |       1 |       0 |   0.0
            +---------+---------+-------+---------+---------+-------
